 Dungeon Crawl Stone Soup version 0.18.1-6-gd335043 (webtiles) character file.

345 Charly the Insei (level 6, 29/29 HPs)
             Began as a Vine Stalker Transmuter on May 16, 2016.
             Quit the game on level 8 of the Dungeon.
             The game lasted 00:16:10 (1428 turns).

Charly the Insei (Vine Stalker Transmuter)          Turns: 1428, Time: 00:16:10

Health: 29/29      AC:  2    Str: 16    XL:     6   Next: 58%
Magic:  10/10      EV: 11    Int: 15    God:
Gold:   90         SH:  0    Dex: 15    Spells: 3 memorised, 3 levels left

rFire  . . .     SeeInvis .       - Unarmed
rCold  . . .     Gourm    .     b - +0 robe
rNeg   . . .     Faith    .     (no shield)
rPois  .         Spirit   +     (no helmet)
rElec  .         Dismiss  .     (no cloak)
rCorr  .         Reflect  .     (no gloves)
SustAt .         Harm     .     (no boots)
MR     .....                    (no amulet)
Stlth  +.........               (no ring)
                                f - +4 ring of strength

@: heavily drained, not resistant to hostile enchantments, very unstealthy
A: fangs 2, regeneration 2, magic shield, antimagic bite, no device heal 3, rot
immunity
a: no special abilities


You were on level 8 of the Dungeon.
You were not hungry.

You visited 2 branches of the dungeon, and saw 9 of its levels.

You collected 90 gold pieces.

Inventory:

Missiles
 a - 59 arrows
Armour
 b - a +0 robe (worn)
 t - a +0 scale mail of magic resistance
 u - a +2 leather armour of poison resistance
Magical Staves
 r - an uncursed staff of power
Jewellery
 f - a +4 ring of strength (left hand)
Scrolls
 e - 2 scrolls of identify {unknown}
 g - a scroll of enchant weapon {unknown}
 h - 2 scrolls of remove curse {unknown}
 i - 2 scrolls of teleportation {unknown}
 j - a scroll of recharging {unknown}
 o - 2 scrolls of amnesia {unknown}
 p - a scroll of random uselessness {unknown}
 v - a scroll of fear {unknown}
Potions
 k - a potion of cancellation {unknown}
 l - a potion of cure mutation {unknown}
 m - 3 potions of curing {unknown}
 n - a potion of flight {unknown}
 s - 2 potions of might
Books
 c - a book of Changes

   Spells                             Type                      Level
   a - Beastly Appendage              Transmutation                1
   b - Sticks to Snakes               Transmutation                2
   c - Spider Form                    Transmutation/Poison         3
   d - Ice Form                       Ice/Transmutation            4
   e - Blade Hands                    Transmutation                5
Comestibles
 d - 2 bread rations
 q - a meat ration


   Skills:
 - Level 0.8(0.0) Fighting
 - Level 1.5(0.3) Dodging
 + Level 6.8(5.4) Unarmed Combat
 - Level 2.1(0.9) Spellcasting
 - Level 2.9(1.6) Transmutations


You had 3 spell levels left.
You knew the following spells:

 Your Spells              Type           Power        Failure   Level  Hunger
a - Beastly Appendage     Trmt           #.....       14%         1    ##.....
s - Sticks to Snakes      Trmt           #.......     21%         2    ###....
S - Spider Form           Trmt/Pois      #.........   56%         3    ####...


Dungeon Overview and Level Annotations

Branches:
Dungeon (8/15)             Temple (1/1) D:5
   Lair: D:8-11

Altars:
Gozag
Nemelex Xobeh
Okawaru
Pakellas
Qazlal
Ru
Sif Muna
Trog


Innate Abilities, Weirdness & Mutations

You have extremely sharp teeth.
You heal very quickly.
When hurt, damage is shared between your health and your magic reserves.
Your bite disrupts and absorbs the magic of your enemies.
Potions and wands cannot restore your health.
You are immune to rotting.


Message History

You hit the hound.
You kill the hound!
No target in view!
You see here a hound corpse.
There is a stone staircase leading down here.
You climb downwards.
There is a stone staircase leading up here.
An ice beast comes into view.
Found a scroll labeled RAIGYNEKHLO.
Found a stone staircase leading down.
You see here a scroll labeled RAIGYNEKHLO.
v - a scroll labeled RAIGYNEKHLO
There is a stone staircase leading down here.
You climb downwards.
A killer bee comes into view.
Found a scroll labeled FOINUIQOED.
There is a stone staircase leading up here.
The killer bee buzzes angrily.
A killer bee and a zombie come into view.
Are you sure you want to abandon this character and quit the game? (Confirm with "yes".)

.. ... .. .#
.#########.#
...........#
...........#
.?.....@...+
.##..###<.##
# #..# ...y.
......Z.
#######y##
.# . #


You could see 2 killer bees and a killer bee zombie (wandering).

Vanquished Creatures
  A phantom (D:3)
  A hound (D:6)
  An orc wizard (D:5)
  An iguana (D:4)
  4 gnolls (D:4)
  3 adders
  A shadow imp (D:6)
  An ooze (D:4)
  A worm (D:6)
  A dart slug (D:2)
  2 giant geckos
  14 orcs
  3 bats
  3 giant cockroaches
  4 goblins
  3 hobgoblins
  8 kobolds
  4 quokkas
  A ball python skeleton (D:5)
  2 giant newts
  5 rats
64 creatures vanquished.

Vanquished Creatures (collateral kills)
  2 adders
  A giant newt (D:2)
  A kobold (D:2)
4 creatures vanquished.

Grand Total: 68 creatures vanquished

Notes
Turn   | Place    | Note
--------------------------------------------------------------
     0 | D:1      | Charly the Vine Stalker Transmuter began the quest for the Orb.
     0 | D:1      | Reached XP level 1. HP: 9/9 MP: 4/4
    93 | D:1      | Reached XP level 2. HP: 12/14 MP: 4/6
   102 | D:1      | Learned a level 2 spell: Sticks to Snakes
   205 | D:2      | Reached XP level 3. HP: 17/17 MP: 7/7
   248 | D:3      | Learned a level 3 spell: Spider Form
   298 | D:3      | Reached skill level 4 in Unarmed Combat
   410 | D:3      | Noticed a phantom
   499 | D:3      | Killed a phantom
   499 | D:3      | Reached skill level 5 in Unarmed Combat
   499 | D:3      | Reached XP level 4. HP: 15/21 MP: 2/8
   499 | D:3      | Reached XP level 5. HP: 18/25 MP: 2/9
   587 | D:3      | Found a bloodstained altar of Trog.
   990 | D:4      | Reached skill level 6 in Unarmed Combat
   997 | D:4      | Gained mutation: You heal very quickly. [Vine Stalker growth]
   997 | D:4      | Reached XP level 6. HP: 20/29 MP: 2/10
  1006 | D:5      | Entered Level 5 of the Dungeon
  1082 | D:5      | Found a sacrificial altar of Ru.
  1188 | D:5      | Found a staircase to the Ecumenical Temple.
  1194 | Temple   | Entered the Ecumenical Temple
  1348 | D:6      | Found a deep blue altar of Sif Muna.
  1407 | D:7      | Noticed an ice beast
  1428 | D:8      | Quit the game

Skill      XL: |  1  2  3  4  5 |
---------------+----------------+-----
Unarmed Combat | 5 6 |  6.8
Fighting       | |  0.8
Dodging        | |  1.5
Spellcasting   | |  2.1
Transmutations | |  2.9

Action                   |  1- 3 |  4- 6 || total
-------------------------+-------+-------++-------
Melee: Unarmed           |    94 |   127 ||   221
       Bite              |    16 |    17 ||    33
       Punch             |     3 |     2 ||     5
 Cast: Sticks to Snakes  |     4 |     2 ||     6
       Spider Form       |     2 |     9 ||    11
 Stab: Sleeping          |     1 |     1 ||     2
  Eat: Bread ration      |       |     1 ||     1
       Royal jelly       |       |     1 ||     1
Armor: Robe              |    26 |     8 ||    34
       Skin              |       |     3 ||     3
Dodge: Dodged            |    77 |   123 ||   200
